 Dungeon Crawl Stone Soup version bcrawl-1.24 (webtiles) character file.

Game seed: 16452939879703182173

1870 Freyura the Cudgeler (level 9, -9/55 HPs)
             Began as a Gargoyle Monk on June 14, 2020.
             Was a Priest of the Shining One.
             Mangled by an orc warrior
             ... wielding a +0 short sword
              (11 damage)
             ... on level 6 of the Dungeon.
             The game lasted 00:14:10 (4752 turns).

Freyura the Cudgeler (Gargoyle Monk)                Turns: 4752, Time: 00:14:10

Health: -9/55      AC: 15    Str: 19    XL:     9   Next: 13%
Magic:  0/12       EV: 13    Int: 11    God:    the Shining One [***...]
Gold:   452        SH:  0    Dex: 19    Spells: 8/8 levels left

rFire    . . .     SeeInvis .   a - +0 mace
rCold    . . .     Gourm    .   (no shield)
rNeg     + + .     Faith    .   g - +0 scale mail
rPois    ∞         Spirit   +   j - +1 helmet
rElec    +         Reflect  .   (no cloak)
rCorr    .         Harm     .   (no gloves)
MR       .....                  (no boots)
Stlth    +.........             d - amulet of guardian spirit
HPRegen  0.18/turn              v - +4 ring of dexterity
MPRegen  0.13/turn              n - ring of the Lily {+Fly Str+4}

@: glowing
A: negative energy resistance 1, electricity resistance, unbreathing,
petrification resistance, rot immunity, AC +6
a: Divine Shield, Renounce Religion, Evoke Flight


You were on level 6 of the Dungeon.
You worshipped the Shining One.
The Shining One was most pleased with you.
You were not hungry.

You visited 1 branch of the dungeon, and saw 7 of its levels.
You also visited: Sewer.

You collected 467 gold pieces.
You spent 15 gold pieces at shops.

Inventory:

Hand Weapons
 a - a +0 mace (weapon)
 h - a +0 whip
Missiles
 r - a throwing net (quivered) {!f}
Armour
 g - a +0 scale mail (worn)
 i - a +0 chain mail
 j - a +1 helmet (worn)
Jewellery
 c - an uncursed ring of see invisible
 d - an amulet of guardian spirit (around neck)
 n - the ring of the Lily (right hand) {+Fly Str+4}
   (You found it on level 3 of the Dungeon)

   [ring of flight]

   It affects your strength (+4).
   It lets you fly.
 v - a +4 ring of dexterity (left hand)
Wands
 u - a wand of polymorph (8)
Scrolls
 b - 3 scrolls of blinking
 f - 2 scrolls of remove curse
 k - 2 scrolls of identify
 p - a scroll of fear
 q - 2 scrolls of teleportation
Potions
 l - 2 potions of haste {unknown}
 o - a potion of mutation
 s - a potion of might {unknown}
 t - a potion of lignification {unknown}
 w - a potion of brilliance {unknown}
Comestibles
 e - 8 rations {!d}


   Skills:
 + Level 6.1 Fighting
 * Level 7.5 Maces & Flails
 + Level 4.9 Armour
 + Level 4.6 Dodging
 - Level 2.4 Stealth
 + Level 5.3 Invocations


You had 8 spell levels left.
You didn't know any spells.
Your spell library was empty.

Dungeon Overview and Level Annotations

Branches:
Dungeon (7/12)
 Temple: D:4-7         Lair: D:7-9

Altars:
Makhleb
Yredelemnul
The Shining One

Shops:
D:5 !


Innate Abilities, Weirdness & Mutations

You are resistant to torment.
Your stone body is resilient. (AC +6)
You are immune to poison.
You resist negative energy. (rN+)
You are resistant to electric shocks. (rElec)
You can survive without breathing.
You are immune to petrification.
You are immune to rotting.


Message History

You hit the orc warrior.
The orc warrior is moderately wounded.
The sentinel's mark upon you fades away.
The orc warrior misses you. The bullfrog barely misses you.
You hit the orc warrior.
The orc warrior is moderately wounded.
The bullfrog misses you.
The orc warrior hits you with a +0 short sword.
* * * LOW HITPOINT WARNING * * *
The bullfrog hits you but does no damage.
You hit the bullfrog.
The bullfrog is almost dead.
The bullfrog misses you.
The orc warrior hits you with a +0 short sword!
The Shining One protects you from harm!
You sock the bullfrog!
You kill the bullfrog!
The orc warrior hits you but does no damage.
The orc warrior hits you with a +0 short sword!
You die...

)## #...##.####.......######.###
..# #...##.##....#....# #..# ..##
#............)...######..#
...###...###....###...##......##
.....#...##.....# #.).##.#..#..##
###..#####...#..###...#.........)
###.........oh.............######
........#.....##..##.#.###.#≈≈≈≈≈
###'###.#.#...##@o##...# #.#≈≈.≈≈
# #.# #.#.#......o5...## #[#≈≈≈≈≈
###.###...##.##..#.>..#....######
+.._..'..##........#....#........
#######.###.##..........#..#.###.
# ### #.# ..#......##............
### #..#.##..##### ##..........
?.. ..#..##.## #.......... #..
.#.(##..# #.........#


You could see an orc warrior, an orc priest and a crimson imp.

Vanquished Creatures
  A troll (D:6)
  Grinder (D:3)
  A water moccasin (D:7)
  2 crocodiles
  A sky beast (D:4)
  3 phantoms
  2 bullfrogs (D:6)
  A centaur (D:6)
  A big kobold (D:6)
  3 scorpions
  A quasit (D:4)
  A hound (D:6)
  A jelly (D:6)
  2 orc priests (D:6)
  Jessica (D:3)
  A worker ant (D:4)
  A hound zombie (D:6)
  7 adders
  An adder skeleton (D:7)
  3 worms (D:2)
  2 dart slugs (D:1)
  3 leopard geckos
  6 orcs
  9 bats
  6 giant cockroaches
  9 hobgoblins
  4 jackals (D:1)
  2 quokkas
  6 frilled lizards
  2 gnoll zombies (D:2)
  3 goblins
  9 kobolds
  2 rats
98 creatures vanquished.

Notes
Turn   | Place    | Note
-------+----------+-------------------------------------------
     0 | D:1      | Freyura the Gargoyle Monk began the quest for the Orb.
     0 | D:1      | Reached XP level 1. HP: 14/14 MP: 2/2
   173 | D:1      | Reached XP level 2. HP: 19/19 MP: 3/3
   404 | D:1      | Reached skill level 1 in Armour
   470 | D:1      | Reached XP level 3. HP: 20/23 MP: 4/4
  1578 | D:2      | Reached XP level 4. HP: 28/29 MP: 5/5
  1583 | D:2      | Found a basalt altar of Yredelemnul.
  1636 | D:2      | Found a glowing golden altar of the Shining One.
  1640 | D:2      | Became a worshipper of the Shining One
  1640 | D:2      | Reached * piety under the Shining One
  1640 | D:2      | Reached ** piety under the Shining One
  1757 | D:3      | Noticed Grinder
  1769 | D:3      | Paralysed by Grinder for 2 turns
  1778 | D:3      | Killed Grinder
  1778 | D:3      | Reached skill level 4 in Maces & Flails
  1778 | D:3      | Reached XP level 5. HP: 23/33 MP: 4/7
  1778 | D:3      | Reached XP level 6. HP: 27/38 MP: 4/8
  1908 | D:3      | Noticed Jessica
  1913 | D:3      | Killed Jessica
  2315 | D:3      | Got a transparent tin ring
  2459 | D:3      | Identified the ring of the Lily {+Fly Str+4} (You found it
                  | on level 3 of the Dungeon)
  2641 | D:4      | Reached skill level 5 in Maces & Flails
  2841 | D:4      | Reached XP level 7. HP: 35/44 MP: 6/9
  3440 | D:5      | Entered Level 5 of the Dungeon
  3670 | D:5      | Found Nupp's Distillery.
  3673 | D:5      | Bought a potion of degeneration for 15 gold pieces
  3949 | D:6      | Reached skill level 5 in Fighting
  3993 | D:6      | Found a burning altar of Makhleb.
  4014 | D:6      | Reached skill level 6 in Maces & Flails
  4014 | D:6      | Reached XP level 8. HP: 37/49 MP: 7/11
  4118 | D:6      | Noticed a troll
  4141 | D:6      | Killed a troll
  4210 | D:6      | Found a glowing drain.
  4270 | Sewer    | Entered a sewer
  4328 | Sewer    | Reached skill level 7 in Maces & Flails
  4552 | D:6      | Reached skill level 5 in Invocations
  4636 | D:6      | Reached XP level 9. HP: 55/55 MP: 12/12
  4665 | D:6      | HP: 2/55 [orc priest/divine providence (10)]
  4723 | D:7      | Reached *** piety under the Shining One
  4750 | D:6      | HP: 1/55 [orc warrior/+0 short sword (2)]
  4751 | D:6      | The Shining One protects you from harm!
  4752 | D:6      | Mangled by an orc warrior

Skill      XL: |  1  2  3  4  5  6  7  8  9 |
---------------+----------------------------+-----
Armour         | 1 2 3 4 |  4.9
Fighting       | 4 5 6 |  6.1
Maces & Flails | 4 5 6 7 |  7.5
Dodging        | 3 4 |  4.6
Invocations    | 3 4 5 |  5.3
Stealth        | |  2.4

Action                   |  1- 3 |  4- 6 |  7- 9 || total
-------------------------+-------+-------+-------++-------
Melee: Mace              |   153 |    84 |   235 ||   472
Invok: Divine Shield     |       |       |     1 ||     1
  Use: Scroll            |       |     7 |     3 ||    10
       Potion            |       |       |     3 ||     3
 Stab: Sleeping          |     6 |     2 |       ||     8
  Eat: Chunk             |     2 |     3 |     1 ||     6
       Ration            |       |       |     2 ||     2
Armor: Robe              |    46 |       |       ||    46
       Scale mail        |       |    87 |   144 ||   231
Dodge: Dodged            |   109 |    71 |   171 ||   351
Block: Other             |       |       |    14 ||    14
